[Event "Polgar Challenge 2021"]
[Site "Online"]
[Date "2021.04.04"]
[Round "7.7"]
[White "Bjerre, Jonas Buhl"]
[Black "Murzin, Volodar"]
[Result "1-0"]
[ECO "E97"]
[WhiteElo "2550"]
[BlackElo "2478"]
[Annotator "ChessBase"]
[PlyCount "97"]
[EventDate "2021.04.08"]
[EventType "tourn"]
[EventCountry "NET"]
[SourceTitle "playchess.com"]
[Source "ChessBase"]
[SourceQuality "1"]
[TimeControl "600+5"]

1. d4 Nf6 2. c4 g6 3. Nc3 Bg7 4. e4 O-O 5. Nf3 d6 6. Be2 e5 7. O-O Nc6 8. d5 Ne7 9. Bg5 h6 10. Bd2 Nd7 11. Qc1 Kh7 12. Qc2 f5 13. exf5 gxf5 14. Nh4 a5 15. a3 Kg8 16. g3 Nf6 17. b4 Qe8 18. Nb5 Qd7 19. Rad1 axb4 20. axb4 f4 21. Bf3 Nfxd5 22. cxd5 Qxb5 23. Qxc7 Nf5 24. Nxf5 Bxf5 25. Qxd6 Bd3 26. Bg2 Bxf1 27. Bxf1 Qa4 28. Rc1 Rf7 29. Bh3 Kh8 30. Be6 Rff8 31. Qe7 e4 32. Bxf4 Rae8 33. Qc7 Qa2 34. Be3 Qe2 35. Qc2 Qf3 36. Qd1 Qf6 37. Qg4 Qb2 38. Rc7 Be5 39. Qxe4 Qa1+ 40. Rc1 Qb2 41. Qg6 Bg7 42. Rc7 Ra8 43. Bf5 Rxf5 44. Qxf5 Rf8 45. Qg6 Qe5 46. Rf7 Ra8 47. Qe6 Qh5 48. Kg2 Rd8 49. d6 1-0

[Event "Polgar Challenge 2021"]
[Site "Online"]
[Date "2021.04.04"]
[Round "7.9"]
[White "Keymer, Vincent"]
[Black "Khademalsharieh, Sarasadat"]
[Result "1/2-1/2"]
[ECO "D32"]
[WhiteElo "2591"]
[BlackElo "2494"]
[Annotator "ChessBase"]
[PlyCount "129"]
[EventDate "2021.04.08"]
[EventType "tourn"]
[EventCountry "NET"]
[SourceTitle "playchess.com"]
[Source "ChessBase"]
[SourceQuality "1"]
[TimeControl "600+5"]

1. Nf3 d5 2. e3 Nf6 3. c4 e6 4. Nc3 c5 5. cxd5 exd5 6. d4 Nc6 7. Bb5 Bd6 8. dxc5 Bxc5 9. O-O O-O 10. b3 Bg4 11. Bb2 a6 12. Bxc6 bxc6 13. h3 Bd7 14. Na4 Bd6 15. Qd4 Rb8 16. Nc5 Re8 17. Rac1 Rb5 18. Rfd1 Bc8 19. Nd3 Bd7 20. Nde5 c5 21. Qd2 Be6 22. Qc2 Ne4 23. Nd3 Qa5 24. a3 Rc8 25. Nf4 Bxf4 26. exf4 Qb6 27. b4 Qb7 28. Qe2 a5 29. f5 Bxf5 30. Rxd5 Qxd5 31. Qxb5 axb4 32. axb4 Nd6 33. Rxc5 Qd1+ 34. Qf1 Qb3 35. Be5 Qxb4 36. Rd5 Nc4 37. Bxg7 Be4 38. Rg5 Bg6 39. Bd4 Nd2 40. Nxd2 Qxd2 41. Be3 Qd6 42. h4 h6 43. Rg3 Kh7 44. h5 Bxh5 45. Rh3 Qd1 46. Qxd1 Bxd1 47. Rxh6+ Kg7 48. Rd6 Bb3 49. Bd4+ Kh7 50. Rf6 Be6 51. Rf4 Rc4 52. f3 Ra4 53. Kf2 Kg6 54. Rf6+ Kh7 55. Ke3 Ra5 56. g4 Ra3+ 57. Ke4 Ra2 58. g5 Rh2 59. Ke5 Rh5 60. f4 Kg8 61. f5 Rxg5 62. Kf4 Rxf5+ 63. Rxf5 Bxf5 64. Kxf5 f6 65. Kxf6 1/2-1/2

[Event "Polgar Challenge 2021"]
[Site "Online"]
[Date "2021.04.04"]
[Round "7.10"]
[White "Mendonca, Leon Luke"]
[Black "Abdumalik, Zhansaya"]
[Result "1/2-1/2"]
[ECO "D93"]
[WhiteElo "2549"]
[BlackElo "2472"]
[Annotator "ChessBase"]
[PlyCount "129"]
[EventDate "2021.04.08"]
[EventType "tourn"]
[EventCountry "NET"]
[SourceTitle "playchess.com"]
[Source "ChessBase"]
[SourceQuality "1"]
[TimeControl "600+5"]

1. d4 Nf6 2. c4 g6 3. Nc3 d5 4. Bf4 Bg7 5. e3 c6 6. Nf3 O-O 7. Bd3 Be6 8. c5 Nh5 9. Be5 f6 10. Bxb8 Rxb8 11. O-O f5 12. b4 Nf6 13. Ne5 Ne4 14. Ne2 Qc7 15. f4 b6 16. Qc2 bxc5 17. bxc5 Rb4 18. Rab1 Rfb8 19. Rxb4 Rxb4 20. Rb1 Rxb1+ 21. Qxb1 Bxe5 22. fxe5 Bc8 23. Qb4 Kf7 24. g3 Ng5 25. Kg2 Qb7 26. a3 Ne6 27. Nc1 Qxb4 28. axb4 Nc7 29. Kf3 Bb7 30. Nb3 Ba6 31. Ke2 Ke8 32. Na5 Bxd3+ 33. Kxd3 Kd7 34. Nb3 g5 35. Nd2 h6 36. Nf3 Ne6 37. Ne1 Nc7 38. Nf3 Ne6 39. Nd2 g4 40. Nb1 Ng5 41. Nd2 Kc7 42. Ke2 Kb7 43. Nb1 Ne4 44. Kd3 h5 45. Na3 Ka6 46. Ke2 Ng5 47. Kf2 Nf3 48. Kg2 Nd2 49. Kf2 Nc4 50. Nc2 Kb5 51. Ke2 Ka4 52. Kd3 a6 53. Kc3 e6 54. Kd3 Kb3 55. Ne1 Kxb4 56. Ng2 Kb3 57. Nf4 a5 58. Nxe6 a4 59. Nf4 Nb2+ 60. Kd2 a3 61. Ne2 Nc4+ 62. Kd3 Nb2+ 63. Kd2 Nc4+ 64. Kd3 Nb2+ 65. Kd2 1/2-1/2

[Event "Polgar Challenge 2021"]
[Site "Online"]
[Date "2021.04.04"]
[Round "8.1"]
[White "Zhu, Jiner"]
[Black "Abdumalik, Zhansaya"]
[Result "1-0"]
[ECO "C91"]
[WhiteElo "2459"]
[BlackElo "2472"]
[Annotator "ChessBase"]
[PlyCount "75"]
[EventDate "2021.04.08"]
[EventType "tourn"]
[EventCountry "NET"]
[SourceTitle "playchess.com"]
[Source "ChessBase"]
[SourceQuality "1"]
[TimeControl "600+5"]

1. e4 e5 2. Nf3 Nc6 3. Bb5 a6 4. Ba4 Nf6 5. O-O Be7 6. Re1 b5 7. Bb3 O-O 8. d4 d6 9. c3 Bg4 10. d5 Na5 11. Bc2 c5 12. h3 Bd7 13. b3 Re8 14. Be3 Bf8 15. Nbd2 g6 16. Nf1 Nh5 17. Qd2 Bg7 18. Ng3 Nf4 19. Ne2 Qf6 20. Nxf4 exf4 21. Bxf4 Qxc3 22. e5 Qxd2 23. Bxd2 Nb7 24. Bf4 c4 25. Rad1 a5 26. exd6 cxb3 27. axb3 Rac8 28. Bb1 Nc5 29. Rxe8+ Rxe8 30. Rc1 Rc8 31. Nd2 a4 32. bxa4 Nxa4 33. Rc7 Rxc7 34. dxc7 Nc3 35. Bd3 b4 36. d6 Nd5 37. Bb5 Be6 38. d7 1-0

[Event "Polgar Challenge 2021"]
[Site "Online"]
[Date "2021.04.04"]
[Round "8.2"]
[White "Khademalsharieh, Sarasadat"]
[Black "Mendonca, Leon Luke"]
[Result "0-1"]
[ECO "D12"]
[WhiteElo "2494"]
[BlackElo "2549"]
[Annotator "ChessBase"]
[PlyCount "100"]
[EventDate "2021.04.08"]
[EventType "tourn"]
[EventCountry "NET"]
[SourceTitle "playchess.com"]
[Source "ChessBase"]
[SourceQuality "1"]
[TimeControl "600+5"]

1. d4 Nf6 2. c4 c6 3. Nf3 d5 4. e3 Bf5 5. Nc3 e6 6. Nh4 Be4 7. f3 Bg6 8. Qb3 Qc7 9. Bd2 Be7 10. Nxg6 hxg6 11. O-O-O dxc4 12. Bxc4 b5 13. Bd3 a6 14. h3 Nbd7 15. Ne4 c5 16. Nxf6+ Bxf6 17. Kb1 O-O 18. Be4 Rac8 19. h4 cxd4 20. exd4 Bxd4 21. h5 Nc5 22. Qc2 f5 23. Bb4 Rfd8 24. Bd3 gxh5 25. Bxc5 Qxc5 26. Qe2 Qe5 27. Rxh5 Qxe2 28. Bxe2 Kf7 29. g4 g6 30. Rh7+ Bg7 31. gxf5 exf5 32. Rhh1 Be5 33. Bd3 Kf6 34. Bc2 Rh8 35. a4 bxa4 36. Bxa4 Rb8 37. b3 Rxh1 38. Rxh1 Rd8 39. Kc2 Rc8+ 40. Kd2 Bf4+ 41. Kd3 Rd8+ 42. Ke2 Rd2+ 43. Ke1 Rc2 44. Rh8 Kg5 45. Ra8 Kh4 46. Rxa6 g5 47. Rc6 Rb2 48. Rc5 Kg3 49. Rxf5 Kxf3 50. Rc5 Rb1+ 0-1

[Event "Polgar Challenge 2021"]
[Site "Online"]
[Date "2021.04.04"]
[Round "8.4"]
[White "Murzin, Volodar"]
[Black "Gukesh D"]
[Result "0-1"]
[ECO "C70"]
[WhiteElo "2478"]
[BlackElo "2578"]
[Annotator "ChessBase"]
[PlyCount "122"]
[EventDate "2021.04.08"]
[EventType "tourn"]
[EventCountry "NET"]
[SourceTitle "playchess.com"]
[Source "ChessBase"]
[SourceQuality "1"]
[TimeControl "600+5"]

1. e4 e5 2. Nf3 Nc6 3. Bb5 a6 4. Ba4 Bc5 5. O-O Nge7 6. Nxe5 Nxe5 7. d4 b5 8. Bb3 Bxd4 9. Qxd4 d6 10. Qe3 c5 11. c3 Be6 12. Bc2 O-O 13. Nd2 f5 14. f4 N5g6 15. Nf3 fxe4 16. Bxe4 Nd5 17. Qe1 Ngxf4 18. Bxf4 Nxf4 19. Bxa8 Qxa8 20. Qd2 Bc4 21. Qxd6 Rf6 22. Qd2 Bxf1 23. Rxf1 Qf8 24. Kh1 c4 25. b3 Nd3 26. bxc4 bxc4 27. Qe3 h6 28. h3 Qf7 29. Qd4 Rf4 30. Qd6 Rf6 31. Qd4 Qe6 32. Qd8+ Kh7 33. Qd4 Qe2 34. Kg1 Rf4 35. Qd5 Qe3+ 36. Kh2 Ne5 37. Qb7 Qxc3 38. Nxe5 Qxe5 39. Rxf4 Qxf4+ 40. Kh1 Qc1+ 41. Kh2 Qf4+ 42. Kh1 c3 43. Qc6 Qc1+ 44. Kh2 Qf4+ 45. Kh1 Qe5 46. Qc4 Qe1+ 47. Kh2 Qe5+ 48. Kh1 a5 49. Qd3+ Kg8 50. Qd8+ Kf7 51. Qd7+ Kf6 52. Qc6+ Kg5 53. Qc4 Qe1+ 54. Kh2 Qe5+ 55. Kh1 h5 56. a4 g6 57. Qc6 Qe1+ 58. Kh2 Qe5+ 59. Kh1 Qe3 60. Qc7 Qc1+ 61. Kh2 Qf4+ 0-1

[Event "Polgar Challenge 2021"]
[Site "Online"]
[Date "2021.04.04"]
[Round "8.5"]
[White "Mammadzada, Gunay"]
[Black "Bjerre, Jonas Buhl"]
[Result "1/2-1/2"]
[ECO "B90"]
[WhiteElo "2443"]
[BlackElo "2550"]
[Annotator "ChessBase"]
[PlyCount "199"]
[EventDate "2021.04.08"]
[EventType "tourn"]
[EventCountry "NET"]
[SourceTitle "playchess.com"]
[Source "ChessBase"]
[SourceQuality "1"]
[TimeControl "600+5"]

1. e4 c5 2. Nf3 d6 3. d4 cxd4 4. Nxd4 Nf6 5. Nc3 a6 6. Be3 e5 7. Nb3 Be7 8. Qd2 Ng4 9. g3 Be6 10. O-O-O Nxe3 11. Qxe3 Nd7 12. f4 b5 13. Kb1 Qb6 14. Qxb6 Nxb6 15. Na5 Rc8 16. Nb7 Rc6 17. Nxb5 O-O 18. N5xd6 Na4 19. f5 Rb6 20. Ka1 Bc8 21. Nxc8 Rxc8 22. Rd7 Kf8 23. b3 Ke8 24. Rxe7+ Kxe7 25. Na5 Nc3 26. Bd3 Nb5 27. Nc4 Rh6 28. Nxe5 Nd4 29. Kb2 a5 30. c3 Nc6 31. Nf3 Rd6 32. Bc4 f6 33. Bd5 Na7 34. c4 Nc6 35. a3 Rb8 36. Kc3 Nd8 37. b4 axb4+ 38. axb4 Ra6 39. Nd4 Ra3+ 40. Nb3 Nb7 41. Kb2 Ra4 42. Kc3 Nd6 43. b5 Rc8 44. Nd2 Ra2 45. Rd1 Ra3+ 46. Kb4 Rd3 47. b6 Rd4 48. Ka5 Rc5+ 49. Kb4 Rc8 50. Kc3 Nb5+ 51. Kb3 Nd6 52. Kc2 Nxc4 53. Nxc4 Rcxc4+ 54. Bxc4 Rxc4+ 55. Kd3 Rb4 56. Ra1 Rxb6 57. Ra7+ Kf8 58. Ke3 Rb2 59. h4 Rb3+ 60. Kf4 Rb4 61. g4 h6 62. Rc7 Ra4 63. Rc6 Kf7 64. Rc7+ Kf8 65. Rc3 Kf7 66. Re3 Ra1 67. g5 hxg5+ 68. hxg5 Rf1+ 69. Rf3 fxg5+ 70. Kg3 Re1 71. Kg4 Kf6 72. Rf2 Rxe4+ 73. Kg3 Ke5 74. Rf1 Rf4 75. Re1+ Kxf5 76. Re7 Kg6 77. Re6+ Rf6 78. Re7 Rf7 79. Re6+ Kf5 80. Rb6 Re7 81. Rb5+ Re5 82. Rb7 Kg6 83. Rb6+ Kh5 84. Rb7 Kh6 85. Rb6+ g6 86. Rb8 Re3+ 87. Kg4 Re4+ 88. Kg3 g4 89. Rb5 Ra4 90. Rc5 Rb4 91. Ra5 g5 92. Ra8 Rf4 93. Rb8 Kh5 94. Rh8+ Kg6 95. Rg8+ Kf5 96. Rf8+ Ke4 97. Re8+ Kf5 98. Rf8+ Ke4 99. Re8+ Kf5 100. Rf8+ 1/2-1/2

[Event "Polgar Challenge 2021"]
[Site "Online"]
[Date "2021.04.04"]
[Round "8.7"]
[White "Badelka, Olga"]
[Black "Yoo, Christopher Woojin"]
[Result "0-1"]
[ECO "D24"]
[WhiteElo "2433"]
[BlackElo "2455"]
[Annotator "ChessBase"]
[PlyCount "58"]
[EventDate "2021.04.08"]
[EventType "tourn"]
[EventCountry "NET"]
[SourceTitle "playchess.com"]
[Source "ChessBase"]
[SourceQuality "1"]
[TimeControl "600+5"]

1. d4 Nf6 2. c4 e6 3. Nf3 d5 4. Nc3 dxc4 5. e3 a6 6. a4 Bb4 7. Bxc4 b6 8. O-O Bb7 9. Qe2 Nbd7 10. Rd1 Qe7 11. Bd3 c5 12. Na2 a5 13. Nxb4 axb4 14. e4 cxd4 15. e5 Nd5 16. Bg5 f6 17. exf6 gxf6 18. Bd2 O-O 19. Nxd4 Ne5 20. Be4 Kh8 21. f4 Qc5 22. Bxb4 Nxb4 23. Bxb7 Ned3 24. Bxa8 Qxd4+ 25. Kf1 Rxa8 26. Ra3 Qxf4+ 27. Qf3 Qxf3+ 28. gxf3 Nxb2 29. Rd6 Nc4 0-1

[Event "Polgar Challenge 2021"]
[Site "Online"]
[Date "2021.04.04"]
[Round "8.8"]
[White "Lei, Tingjie"]
[Black "Liang, Awonder"]
[Result "0-1"]
[ECO "E92"]
[WhiteElo "2505"]
[BlackElo "2592"]
[Annotator "ChessBase"]
[PlyCount "56"]
[EventDate "2021.04.08"]
[EventType "tourn"]
[EventCountry "NET"]
[SourceTitle "playchess.com"]
[Source "ChessBase"]
[SourceQuality "1"]
[TimeControl "600+5"]

1. d4 Nf6 2. c4 g6 3. Nc3 Bg7 4. e4 d6 5. h3 O-O 6. Nf3 e5 7. d5 a5 8. Be3 Na6 9. g4 Nc5 10. Nd2 c6 11. Be2 a4 12. Qc2 Qa5 13. f3 Bd7 14. Kf2 Ne8 15. Rag1 a3 16. b3 Nc7 17. h4 N7a6 18. Ndb1 Nb4 19. Qd1 f5 20. gxf5 gxf5 21. Bh6 Rf7 22. Rxg7+ Rxg7 23. Rg1 Rg6 24. h5 Qb6 25. hxg6 Nxe4+ 26. Kg2 Qf2+ 27. Kh1 Qh4+ 28. Kg2 Qg3+ 0-1

[Event "Polgar Challenge 2021"]
[Site "Online"]
[Date "2021.04.04"]
[Round "9.1"]
[White "Salimova, Nurgyul"]
[Black "Zhu, Jiner"]
[Result "1/2-1/2"]
[ECO "E11"]
[WhiteElo "2397"]
[BlackElo "2459"]
[Annotator "ChessBase"]
[PlyCount "102"]
[EventDate "2021.04.08"]
[EventType "tourn"]
[EventCountry "NET"]
[SourceTitle "playchess.com"]
[Source "ChessBase"]
[SourceQuality "1"]
[TimeControl "600+5"]

1. d4 Nf6 2. Nf3 e6 3. g3 d5 4. c4 Bb4+ 5. Bd2 Be7 6. Bg2 O-O 7. O-O c6 8. Nc3 dxc4 9. e4 b5 10. e5 Nd5 11. Ne4 a5 12. b3 Ba6 13. Re1 Nd7 14. h4 Qc7 15. Nfg5 h6 16. Nh3 f5 17. exf6 N7xf6 18. bxc4 bxc4 19. Rc1 Ba3 20. Rc2 Bb4 21. Nc5 Bxc5 22. dxc5 e5 23. Bf1 Rad8 24. Qc1 Rfe8 25. Qa3 c3 26. Bxc3 Bxf1 27. Rxf1 Qd7 28. Kg2 Qg4 29. Rcc1 Ne4 30. Be1 Qg6 31. f3 Nef6 32. Qb3 Kh8 33. Bf2 e4 34. Rce1 Rb8 35. Qa3 Nh5 36. fxe4 Rxe4 37. Qf3 Rxe1 38. Rxe1 Nhf6 39. Bd4 Rb4 40. Bxf6 Nxf6 41. Nf4 Rb2+ 42. Re2 Rxe2+ 43. Qxe2 Qf5 44. Qe3 h5 45. Qd4 Qc2+ 46. Kf3 Qxa2 47. Qd8+ Kh7 48. Qd3+ Kg8 49. Qd8+ Kh7 50. Qd3+ Kh8 51. Qd8+ Kh7 1/2-1/2

[Event "Polgar Challenge 2021"]
[Site "Online"]
[Date "2021.04.04"]
[Round "9.3"]
[White "Liang, Awonder"]
[Black "Yip, Carissa"]
[Result "1-0"]
[ECO "B08"]
[WhiteElo "2592"]
[BlackElo "2430"]
[Annotator "ChessBase"]
[PlyCount "97"]
[EventDate "2021.04.08"]
[EventType "tourn"]
[EventCountry "NET"]
[SourceTitle "playchess.com"]
[Source "ChessBase"]
[SourceQuality "1"]
[TimeControl "600+5"]

1. d4 Nf6 2. Bf4 g6 3. Nc3 d6 4. e4 c6 5. Qd2 Nbd7 6. Nf3 Bg7 7. Bh6 O-O 8. Bxg7 Kxg7 9. O-O-O Qc7 10. h4 h5 11. Bd3 b5 12. Rdg1 b4 13. Nd1 Nb6 14. g4 Nxg4 15. Ne3 c5 16. b3 Nxe3 17. Qxe3 c4 18. Be2 Ba6 19. Kb1 cxb3 20. cxb3 Bxe2 21. Qxe2 a5 22. d5 Qc3 23. Rc1 Qf6 24. Rc6 Nd7 25. Rhc1 a4 26. Qb2 Qxb2+ 27. Kxb2 Nc5 28. Rc4 axb3 29. axb3 Ra3 30. Rxb4 Rfa8 31. Kc3 Ra1 32. e5 R8a2 33. exd6 exd6 34. Kc4 Rxf2 35. Nd4 Rf6 36. Kb5 Rh1 37. Rc4 Rb1 38. b4 Nd3 39. Rc7 Rf2 40. Nc6 Rfb2 41. Rd4 Rb3 42. Rd7 Rf1 43. Rxd6 Nc1 44. Rd8 Rf5 45. Kb6 Na2 46. d6 Nc3 47. d7 Rb5+ 48. Kc7 Nd5+ 49. Kd6 1-0

[Event "Polgar Challenge 2021"]
[Site "Online"]
[Date "2021.04.04"]
[Round "9.4"]
[White "Yoo, Christopher Woojin"]
[Black "Lei, Tingjie"]
[Result "1-0"]
[ECO "D38"]
[WhiteElo "2455"]
[BlackElo "2505"]
[Annotator "ChessBase"]
[PlyCount "51"]
[EventDate "2021.04.08"]
[EventType "tourn"]
[EventCountry "NET"]
[SourceTitle "playchess.com"]
[Source "ChessBase"]
[SourceQuality "1"]
[TimeControl "600+5"]

1. d4 Nf6 2. Nf3 d5 3. c4 e6 4. Nc3 Bb4 5. Qb3 c5 6. Bg5 Qa5 7. Bxf6 dxc4 8. Qxc4 gxf6 9. dxc5 Bd7 10. Rc1 Bxc5 11. e3 Nc6 12. Be2 Qb4 13. Qd3 Ne5 14. Nxe5 fxe5 15. Bf3 f5 16. O-O e4 17. Bh5+ Ke7 18. Nd5+ exd5 19. Qxd5 Be6 20. Qe5 b6 21. Qg7+ Kd6 22. Rfd1+ Kc6 23. Qe7 Rac8 24. Qxe6+ Kb7 25. Rd7+ Ka8 26. Qd5+ 1-0

[Event "Polgar Challenge 2021"]
[Site "Online"]
[Date "2021.04.04"]
[Round "9.5"]
[White "Shuvalova, Polina"]
[Black "Badelka, Olga"]
[Result "1-0"]
[ECO "B30"]
[WhiteElo "2476"]
[BlackElo "2433"]
[Annotator "ChessBase"]
[PlyCount "125"]
[EventDate "2021.04.08"]
[EventType "tourn"]
[EventCountry "NET"]
[SourceTitle "playchess.com"]
[Source "ChessBase"]
[SourceQuality "1"]
[TimeControl "600+5"]

1. e4 c5 2. Nf3 Nc6 3. Bb5 e6 4. Bxc6 bxc6 5. d3 Ne7 6. b3 f6 7. O-O e5 8. c3 Ng6 9. d4 cxd4 10. cxd4 Bb4 11. Bd2 Be7 12. Bc3 d5 13. Nbd2 dxe4 14. Nxe4 f5 15. Ng3 e4 16. Ne5 Nxe5 17. dxe5 O-O 18. Qe2 Be6 19. Rfd1 Qc7 20. Nh5 Rad8 21. g3 Rxd1+ 22. Rxd1 Rd8 23. Nf4 Rxd1+ 24. Qxd1 Qd7 25. Qe2 Bc5 26. h4 Kf7 27. Qh5+ Kg8 28. Kg2 g6 29. Qe2 Kf7 30. Nh3 Be7 31. Nf4 Bc5 32. Qe1 Bf8 33. Qe2 Bh6 34. Nxe6 Qxe6 35. Qa6 Qd7 36. Qa5 Bf8 37. a4 Be7 38. Bd2 Qd3 39. Be3 a6 40. Qc7 Qd5 41. Bg5 e3+ 42. Kh2 Qe6 43. fxe3 Kf8 44. Qb8+ Kf7 45. Qb7 Kf8 46. Bxe7+ Qxe7 47. Qc8+ Kf7 48. Qxc6 Qxe5 49. Qb7+ Kf8 50. Qa8+ Kg7 51. Qxa6 Qxe3 52. Qb7+ Kg8 53. Qc8+ Kg7 54. Qb7+ Kg8 55. b4 Qd2+ 56. Kh3 Qd1 57. a5 Qf1+ 58. Qg2 Qb5 59. Qa8+ Kg7 60. Qa7+ Kg8 61. Qa8+ Kg7 62. a6 f4 63. Qb7+ 1-0

[Event "Polgar Challenge 2021"]
[Site "Online"]
[Date "2021.04.04"]
[Round "9.7"]
[White "Gukesh D"]
[Black "Mammadzada, Gunay"]
[Result "1-0"]
[ECO "D02"]
[WhiteElo "2578"]
[BlackElo "2443"]
[Annotator "ChessBase"]
[PlyCount "115"]
[EventDate "2021.04.08"]
[EventType "tourn"]
[EventCountry "NET"]
[SourceTitle "playchess.com"]
[Source "ChessBase"]
[SourceQuality "1"]
[TimeControl "600+5"]

1. d4 d5 2. Nf3 Nf6 3. Bf4 e6 4. e3 Bd6 5. Nbd2 O-O 6. c3 c5 7. Bd3 Nc6 8. Bg3 h6 9. Ne5 Ne7 10. f4 b6 11. Qf3 Bb7 12. Bh4 Nf5 13. Bxf6 gxf6 14. Ng4 Kg7 15. Qh3 Rh8 16. O-O h5 17. Nf2 Nh6 18. Nf3 f5 19. Rae1 Ng4 20. Nd1 Qf6 21. Ne5 Rag8 22. Kh1 Qh6 23. Qh4 f6 24. Nf3 Kf7 25. Re2 Qg7 26. c4 dxc4 27. Bxc4 Ke7 28. Qh3 Rc8 29. b3 a6 30. a4 Qf7 31. Nc3 Kd7 32. e4 Kc7 33. exf5 Rcd8 34. Bxe6 Qg7 35. Bd5 Bxf4 36. Bxb7 Kxb7 37. dxc5 Rd3 38. Ne4 Ne3 39. Rfe1 Qg4 40. Nf2 Qxh3 41. Nxh3 Bh6 42. Nf2 Rxb3 43. c6+ Kc7 44. Ne4 Rf8 45. Nd4 Rb4 46. Ne6+ Kxc6 47. Nxf8 Rxe4 48. Nh7 Re5 49. Nxf6 Rxf5 50. Ne4 Re5 51. Rxe3 Bxe3 52. Rxe3 b5 53. axb5+ axb5 54. Kg1 b4 55. Kf2 b3 56. Rc3+ Kd5 57. Nd2 b2 58. Rb3 1-0

[Event "Polgar Challenge 2021"]
[Site "Online"]
[Date "2021.04.04"]
[Round "9.8"]
[White "Keymer, Vincent"]
[Black "Murzin, Volodar"]
[Result "0-1"]
[ECO "D46"]
[WhiteElo "2591"]
[BlackElo "2478"]
[Annotator "ChessBase"]
[PlyCount "70"]
[EventDate "2021.04.08"]
[EventType "tourn"]
[EventCountry "NET"]
[SourceTitle "playchess.com"]
[Source "ChessBase"]
[SourceQuality "1"]
[TimeControl "600+5"]

1. d4 d5 2. c4 c6 3. Nf3 Nf6 4. e3 e6 5. Bd3 Bd6 6. O-O O-O 7. Nc3 Nbd7 8. e4 dxc4 9. Bxc4 e5 10. h3 b5 11. Bd3 Bb7 12. dxe5 Nxe5 13. Nxe5 Bxe5 14. f4 Bd4+ 15. Kh2 b4 16. Ne2 c5 17. e5 Ng4+ 18. Kg3 Qd5 19. Rf3 Bf2+ 20. Kxg4 f5+ 21. Bxf5 Qxd1 22. Be6+ Kh8 23. Rxf2 Ba6 24. Kf3 Rae8 25. Bb3 Qd3+ 26. Kg4 Rxe5 27. fxe5 Rxf2 28. Nf4 Qe4 29. Kg3 Rf1 30. e6 Rxc1 31. Rxc1 Qe3+ 32. Kg4 Qxc1 33. e7 Bb5 34. Be6 Qxb2 35. Bc4 Be8 0-1

[Event "Polgar Challenge 2021"]
[Site "Online"]
[Date "2021.04.04"]
[Round "9.10"]
[White "Abdumalik, Zhansaya"]
[Black "Khademalsharieh, Sarasadat"]
[Result "1-0"]
[ECO "C78"]
[WhiteElo "2472"]
[BlackElo "2494"]
[Annotator "ChessBase"]
[PlyCount "111"]
[EventDate "2021.04.08"]
[EventType "tourn"]
[EventCountry "NET"]
[SourceTitle "playchess.com"]
[Source "ChessBase"]
[SourceQuality "1"]
[TimeControl "600+5"]

1. e4 e5 2. Nf3 Nc6 3. Bb5 a6 4. Ba4 Nf6 5. O-O b5 6. Bb3 Bc5 7. d3 O-O 8. c3 d6 9. h3 h6 10. Re1 Be6 11. Bc2 Bb6 12. Nbd2 Ne7 13. Nf1 Ng6 14. Ng3 d5 15. exd5 Nxd5 16. d4 c5 17. Nxe5 Nxe5 18. Rxe5 cxd4 19. Qd3 Nf6 20. Nh5 Re8 21. Nxf6+ Qxf6 22. Qh7+ Kf8 23. Re2 Rad8 24. b3 b4 25. cxd4 Bxd4 26. Rb1 a5 27. Bd2 Ke7 28. Rbe1 Rh8 29. Qe4 Kf8 30. Be3 Bc3 31. Bc5+ Kg8 32. Rf1 g6 33. Qb7 Rd7 34. Qb6 Rd5 35. Be4 Rg5 36. Kh1 Kh7 37. f4 Rh5 38. Kh2 Rc8 39. Be3 a4 40. bxa4 Rd8 41. Ref2 Bd4 42. Bxd4 Qxd4 43. Qb7 Rd7 44. Qa8 Ra7 45. Qc6 Rc5 46. Qb6 Rxa4 47. Bxg6+ Kg7 48. f5 Bxa2 49. Bh5 Qe5+ 50. Kh1 Bd5 51. f6+ Kh7 52. Bd1 Ra3 53. Bg4 Be4 54. Qxb4 Rcc3 55. Kg1 Bg6 56. Qf8 1-0

[Event "Polgar Challenge 2021"]
[Site "Online"]
[Date "2021.04.04"]
[Round "10.1"]
[White "Zhu, Jiner"]
[Black "Khademalsharieh, Sarasadat"]
[Result "1-0"]
[ECO "C29"]
[WhiteElo "2459"]
[BlackElo "2494"]
[Annotator "ChessBase"]
[PlyCount "45"]
[EventDate "2021.04.08"]
[EventType "tourn"]
[EventCountry "NET"]
[SourceTitle "playchess.com"]
[Source "ChessBase"]
[SourceQuality "1"]
[TimeControl "600+5"]

1. e4 e5 2. Nc3 Nf6 3. f4 d5 4. fxe5 Nxe4 5. Qf3 Nxc3 6. bxc3 Be7 7. d4 O-O 8. Bd3 c5 9. Ne2 c4 10. Bf5 Bxf5 11. Qxf5 f6 12. O-O fxe5 13. Qe6+ Kh8 14. Rxf8+ Bxf8 15. dxe5 Bc5+ 16. Kh1 Nc6 17. Bf4 Qg8 18. Qd7 Re8 19. Ng3 Nxe5 20. Bxe5 Rxe5 21. Qc7 Re3 22. Qxc5 Rxc3 23. Rf1 1-0

[Event "Polgar Challenge 2021"]
[Site "Online"]
[Date "2021.04.04"]
[Round "10.3"]
[White "Murzin, Volodar"]
[Black "Mendonca, Leon Luke"]
[Result "1-0"]
[ECO "B53"]
[WhiteElo "2478"]
[BlackElo "2549"]
[Annotator "ChessBase"]
[PlyCount "99"]
[EventDate "2021.04.08"]
[EventType "tourn"]
[EventCountry "NET"]
[SourceTitle "playchess.com"]
[Source "ChessBase"]
[SourceQuality "1"]
[TimeControl "600+5"]

1. e4 c5 2. Nf3 d6 3. d4 cxd4 4. Qxd4 Nf6 5. Be2 Nc6 6. Qe3 g6 7. O-O Bg7 8. Rd1 O-O 9. Nc3 Qb6 10. Qxb6 axb6 11. Be3 Nb4 12. Rdc1 Nd7 13. Bd4 Nc5 14. a3 Nc6 15. Bxg7 Kxg7 16. Rd1 Na4 17. Nxa4 Rxa4 18. Nd2 Be6 19. c3 Rc8 20. Re1 g5 21. f3 Ne5 22. Kf2 Ra5 23. Rad1 Bc4 24. Nxc4 Nxc4 25. Bxc4 Rxc4 26. Re2 Kf6 27. Ke3 Rac5 28. Red2 Rc8 29. Rd4 h5 30. Rd5 R8c5 31. R1d4 Rxd5 32. Rxd5 Rc5 33. Rxc5 bxc5 34. a4 Ke5 35. b4 cxb4 36. cxb4 d5 37. a5 dxe4 38. fxe4 Kd6 39. Kd4 Kc6 40. Kc4 f6 41. b5+ Kd7 42. Kc5 e6 43. a6 bxa6 44. bxa6 Kc7 45. a7 Kb7 46. Kd6 f5 47. exf5 exf5 48. Ke5 f4 49. Kf5 h4 50. h3 1-0

[Event "Polgar Challenge 2021"]
[Site "Online"]
[Date "2021.04.04"]
[Round "10.4"]
[White "Mammadzada, Gunay"]
[Black "Keymer, Vincent"]
[Result "0-1"]
[ECO "B90"]
[WhiteElo "2443"]
[BlackElo "2591"]
[Annotator "ChessBase"]
[PlyCount "72"]
[EventDate "2021.04.08"]
[EventType "tourn"]
[EventCountry "NET"]
[SourceTitle "playchess.com"]
[Source "ChessBase"]
[SourceQuality "1"]
[TimeControl "600+5"]

1. e4 c5 2. Nf3 d6 3. d4 cxd4 4. Nxd4 Nf6 5. Nc3 a6 6. Be3 e5 7. Nb3 Be7 8. Qd2 Ng4 9. g3 Nd7 10. Bh3 Ndf6 11. Bxg4 Bxg4 12. Qd3 O-O 13. h3 Be6 14. O-O-O b5 15. f4 Bc4 16. Qd2 a5 17. Qg2 Qc7 18. Kb1 b4 19. Nd5 Nxd5 20. exd5 a4 21. Nc1 Rfc8 22. Rh2 Bf6 23. fxe5 Bxe5 24. Bd4 Bxd4 25. Rxd4 a3 26. b3 Be2 27. c4 Bh5 28. Qd2 Qa7 29. g4 Bg6+ 30. Ka1 Re8 31. Rh1 Re5 32. Rd1 Rae8 33. Qxb4 Bc2 34. Qxd6 Bxd1 35. Rxd1 Re1 36. Rxe1 Qd4+ 0-1

[Event "Polgar Challenge 2021"]
[Site "Online"]
[Date "2021.04.04"]
[Round "10.5"]
[White "Nihal Sarin"]
[Black "Gukesh D"]
[Result "1/2-1/2"]
[ECO "C70"]
[WhiteElo "2620"]
[BlackElo "2578"]
[Annotator "RC"]
[PlyCount "90"]
[EventDate "2021.04.08"]
[EventType "tourn"]
[EventCountry "NET"]
[SourceTitle "playchess.com"]
[Source "ChessBase"]
[SourceQuality "1"]
[TimeControl "600+5"]

1. e4 e5 2. Nf3 Nc6 3. Bb5 a6 4. Ba4 Bc5 5. c3 Nge7 6. d4 exd4 7. cxd4 Bb4+ 8. Bd2 Bxd2+ 9. Qxd2 d5 10. exd5 Nxd5 11. Bxc6+ bxc6 12. O-O O-O 13. Nc3 Nxc3 14. Qxc3 Be6 15. Ne5 Bd5 16. Nxc6 Bxc6 17. Qxc6 Qxd4 18. b3 a5 19. Rac1 a4 20. Rc4 Qb6 21. Qxb6 cxb6 22. bxa4 Rfd8 23. g3 Rd2 24. Rb1 Rxa2 25. Rxb6 g6 26. Rbb4 h5 27. h4 Kg7 28. Kg2 Ra7 29. Rf4 Ra3 30. Rbc4 Ra2 31. Kf3 Ra3+ 32. Ke2 Rb7 33. Rb4 Rc7 34. Kd2 Ra1 35. Rbc4 Rb7 36. Kc3 Ra7 37. Kb2 Re1 38. Rc5 Re2+ 39. Kb3 Re1 40. Rc2 Rb7+ 41. Ka2 Ra7 42. Rb2 Rd1 43. Rc2 Re1 44. Rb2 Rd1 45. Rc2 Re1 1/2-1/2